 Dungeon Crawl Stone Soup version 0.27-a0-412-g8dd771eca2 (webtiles) character file.

Game seed: 7698331846633221139

11636 siradein the Bludgeoner (level 11, -1/82 HPs)
             Began as a Hill Orc Fighter on Feb 23, 2021.
             Was an Elder of Beogh.
             Slain by a fire elemental (6 damage)
             ... summoned by a deep elf pyromancer
             ... on level 10 of the Dungeon.
             The game lasted 00:35:47 (9004 turns).

siradein the Bludgeoner (Hill Orc Fighter)          Turns: 9004, Time: 00:35:48

Health: -1/82      AC: 17    Str: 28      XL:     11   Next: 80%
Magic:  20/20      EV:  7    Int:  7 (8)  God:    Beogh [****..]
Gold:   652        SH:  0    Dex: 10 (11) Spells: 10/10 levels left

rFire    . . .     SeeInvis .   A - +1 morningstar (freeze)
rCold    . . .     Faith    .   c - +1 kite shield
rNeg     . . .     Spirit   .   o - +0 chain mail
rPois    .         Reflect  +   E - +0 helmet
rElec    .         Harm     .   m - +0 cloak
rCorr    .         Rampage  .   n - +0 pair of gloves
Will     .....                  y - +2 pair of boots
Stlth    ..........             g - amulet of reflection
HPRegen  0.23/turn              k - +6 ring of strength
MPRegen  0.17/turn              s - ring of magical power

@: confused
A: molten scales 1, blurry vision 1, deterioration 1, MP-powered wands
a: Renounce Religion, Smiting, Recall Orcish Followers


You were on level 10 of the Dungeon.
You worshipped Beogh.
Beogh was greatly pleased with you.
You visited 1 branch of the dungeon, and saw 10 of its levels.

You collected 652 gold pieces.

Inventory:

Hand Weapons
 p - a +3 flail
 A - a +1 morningstar of freezing (weapon)
Armour
 c - a +1 kite shield (worn)
 m - a +0 cloak (worn)
 n - a +0 pair of gloves (worn)
 o - a +0 chain mail (worn)
 r - a scarf of shadows
 y - a +2 pair of boots (worn)
 E - a +0 helmet (worn)
Jewellery
 g - an amulet of reflection (around neck)
 k - a +6 ring of strength (left hand)
 s - a ring of magical power (right hand)
 x - a ring of ice
Wands
 e - a wand of charming (18)
 j - a wand of flame (30)
 w - a wand of random effects (15)
Scrolls
 b - 2 scrolls of enchant armour
 h - 2 scrolls of teleportation
 l - 8 scrolls of identify
 q - a scroll of magic mapping
 u - 3 scrolls of brand weapon
 z - a scroll of enchant weapon
 C - a scroll of amnesia
 D - a scroll of immolation
 F - a scroll of vulnerability {unknown}
Potions
 a - a potion of haste
 d - 2 potions of might
 f - 4 potions of curing
 i - a potion of berserk rage
 t - a potion of brilliance
 v - a potion of lignification
 B - a potion of ambrosia


   Skills:
 - Level 3.6 Fighting
 + Level 16.1 Maces & Flails
 - Level 3.2 Armour
 + Level 11.2 Shields


You had 10 spell levels left.
You didn't know any spells.
Your spell library contained the following spells:

 Spells                   Type           Power        Failure   Level
 Animate Skeleton         Necr           0%           99%         1
 Apportation              Tloc           0%           99%         1
 Corona                   Hex            0%           99%         1
 Summon Small Mammal      Summ           0%           99%         1


Dungeon Overview and Level Annotations

Branches:
Dungeon (10/15)            Temple (0/1) D:6             Orc (0/2) D:10
   Lair: D:8-11

Altars:
Cheibriados
Okawaru
Yredelemnul

Shops:
D:8 *


Innate Abilities, Weirdness & Mutations

You are partially covered in molten scales. (AC +2)
Scrolls take you a little longer to read.
Your body sometimes deteriorates upon taking damage.
You expend magic power (3 MP) to strengthen your wands.


Message History

You start resting.
Your orc wizard hits something but does no damage.
You start resting.
A deep elf pyromancer is nearby!
The deep elf pyromancer shouts!
You closely miss the deep elf pyromancer.
The deep elf pyromancer is heavily wounded.
You block the deep elf pyromancer's attack.
You hit the deep elf pyromancer but do no damage.
The deep elf pyromancer is heavily wounded.
You hit the deep elf pyromancer but do no damage.
The deep elf pyromancer is heavily wounded.
You block the deep elf pyromancer's attack.
You closely miss the deep elf pyromancer.
The deep elf pyromancer is heavily wounded.
The deep elf pyromancer casts a spell.
Your shield and chain mail prevent you from hitting the deep elf pyromancer.
The deep elf pyromancer is heavily wounded.
The deep elf pyromancer mumbles some strange words.
The deep elf pyromancer blinks!
You closely miss the fire elemental. You barely miss the fire elemental.
The fire elemental hits you. The fire elemental burns you!
You impale the fire elemental!! You freeze the fire elemental!
The fire elemental is severely damaged.
The fire elemental hits you. The fire elemental burns you!
You miss the fire elemental.
The fire elemental is severely damaged.
You block the fire elemental's attack.
The deep elf pyromancer casts a spell at you.
The bolt of fire hits the fire elemental.
The fire elemental completely resists.
The bolt of fire hits you!!
* * * LOW HITPOINT WARNING * * *
Your body deteriorates!
You feel clumsy.
The tree burns like a torch!
Okay, then.
You are confused.
You feel invigorated. The fire elemental barely misses you.
The fire elemental hits you. The fire elemental burns you!
You die...

≈ ≈≈≈ ♣.♣ .o.♣ ♣.♣
## #.# ♣♣.♣ ♣♣.♣♣
≈≈.♣○≈.♣#♣...♣#
#.≈EE°°.....#
≈≈.♣.○(♣#♣EEe♣# ♣♣.♣
♣♣E♣♣ ## ####
########@###
.♣♣...♣♣.oo♣♣.§.♣.#
♣.. ♣..♣♣♣)♣♣.♣.♣#
♣.. ♣..♣ ♣...♣o♣.#
♣..♣♣♣..♣ ♣.♣♣.♣o♣#
♣...♣♣...♣♣.♣.♣o#
####...#############
.............
...(.........


You could see a deep elf pyromancer and 3 fire elementals.

Vanquished Creatures
  A centaur warrior (D:10)
  A queen ant (D:9)
  3 two-headed ogres
  2 cyclopes
  2 humans (D:9)
  20 soldier ants (D:9)
  2 black bears
  3 ice beasts
  8 ogres
  5 centaurs
  A phantom (D:10)
  11 bullfrogs
  A gnoll sergeant (D:9)
  A water moccasin zombie (D:7)
  6 killer bees (D:8)
  A scorpion (D:7)
  2 howler monkeys
  13 wights
  An electric eel (D:10)
  2 centaur zombies
  4 hounds
  A jelly (D:10)
  7 orc priests
  A bullfrog skeleton (D:4)
  2 centaur skeletons
  4 iguanas
  12 orc wizards
  25 worker ants
  A hound skeleton (D:3)
  A worker ant zombie (D:10)
  6 gnolls
  6 adders
  A shadow imp (D:10)
  An adder skeleton (D:4)
  4 dart slugs
  3 leopard geckos
  19 orcs
  8 bats
  7 giant cockroaches
  2 goblins
  8 hobgoblins
  3 jackals (D:3)
  4 kobolds
  5 quokkas
  4 frilled lizards
  A leopard gecko skeleton (D:6)
  2 quokka skeletons
  7 rats
235 creatures vanquished.

Vanquished Creatures (collateral kills)
  A troll (D:10)
  A sky beast (D:10)
  An orc (D:10)
3 creatures vanquished.

Vanquished Creatures (others)
  3 orc warriors (D:10)
  An orc wizard (D:10)
  2 orcs (D:10)
  A bat (D:3)
7 creatures vanquished.

Grand Total: 245 creatures vanquished

Notes
Turn   | Place    | Note
-------+----------+-------------------------------------------
     0 | D:1      | siradein the Hill Orc Fighter began the quest for the Orb.
     0 | D:1      | Reached XP level 1. HP: 19/19 MP: 1/1
   139 | D:1      | Reached XP level 2. HP: 26/26 MP: 2/2
   183 | D:1      | Reached skill level 3 in Maces & Flails
   572 | D:2      | Reached XP level 3. HP: 28/31 MP: 3/3
   817 | D:2      | Reached skill level 4 in Maces & Flails
   998 | D:2      | Found a snail-covered altar of Cheibriados.
  1345 | D:3      | Found a basalt altar of Yredelemnul.
  1388 | D:3      | Reached XP level 4. HP: 24/39 MP: 4/4
  1524 | D:3      | Reached skill level 5 in Maces & Flails
  1569 | D:3      | Became a worshipper of Beogh the Brigand
  1741 | D:3      | Noticed a centaur
  1749 | D:3      | Killed a centaur
  1750 | D:3      | Reached skill level 6 in Maces & Flails
  1750 | D:3      | Reached XP level 5. HP: 45/45 MP: 5/5
  1984 | D:3      | Reached XP level 6. HP: 49/51 MP: 6/6
  2098 | D:4      | Reached skill level 7 in Maces & Flails
  2445 | D:4      | Reached * piety under Beogh
  2446 | D:4      | Reached skill level 8 in Maces & Flails
  2446 | D:4      | Reached XP level 7. HP: 57/57 MP: 7/7
  2818 | D:5      | Entered Level 5 of the Dungeon
  2845 | D:4      | Reached skill level 9 in Maces & Flails
  2948 | D:5      | You fall into a shaft and drop 1 floor!
  3110 | D:6      | Reached skill level 10 in Maces & Flails
  3110 | D:6      | Reached XP level 8. HP: 49/64 MP: 8/8
  3179 | D:6      | Reached skill level 11 in Maces & Flails
  3878 | D:6      | Found a staircase to the Ecumenical Temple.
  3962 | D:6      | Reached skill level 12 in Maces & Flails
  3979 | D:6      | Reached XP level 9. HP: 70/70 MP: 9/9
  4418 | D:7      | Reached ** piety under Beogh
  4718 | D:7      | Reached skill level 13 in Maces & Flails
  4779 | D:7      | Found a snail-covered altar of Cheibriados.
  5055 | D:8      | Noticed a two-headed ogre
  5072 | D:8      | Gained mutation: Your body sometimes deteriorates upon
                  | taking damage. [potion of mutation]
  5072 | D:8      | Gained mutation: Scrolls take you a little longer to read.
                  | [potion of mutation]
  5072 | D:8      | Gained mutation: You are partially covered in molten
                  | scales. (AC +2) [potion of mutation]
  5072 | D:8      | Gained mutation: You expend magic power (3 MP) to
                  | strengthen your wands. [potion of mutation]
  5079 | D:8      | Killed a two-headed ogre
  5080 | D:8      | Reached skill level 5 in Shields
  5247 | D:8      | Reached XP level 10. HP: 70/77 MP: 10/10
  5306 | D:8      | Found Qoiq's General Store.
  5399 | D:8      | Reached skill level 14 in Maces & Flails
  5935 | D:8      | Noticed a cyclops
  5953 | D:8      | Killed a cyclops
  6578 | D:9      | Found an iron altar of Okawaru.
  6892 | D:9      | Noticed a two-headed ogre
  6904 | D:9      | Reached *** piety under Beogh
  6922 | D:9      | Killed a two-headed ogre
  6925 | D:9      | HP: 1/77 [bullfrog (4)]
  7332 | D:9      | Found an iron altar of Okawaru.
  7656 | D:9      | Reached skill level 15 in Maces & Flails
  7661 | D:9      | Reached XP level 11. HP: 82/82 MP: 11/11
  7690 | D:9      | Noticed a queen ant
  7731 | D:9      | Killed a queen ant
  7765 | D:9      | Reached skill level 10 in Shields
  8145 | D:9      | Reached **** piety under Beogh
  8556 | D:10     | Entered Level 10 of the Dungeon
  8724 | D:10     | Found a staircase to the Orcish Mines.
  8769 | D:10     | Noticed a two-headed ogre
  8780 | D:10     | Killed a two-headed ogre
  8928 | D:10     | Noticed a cyclops
  8928 | D:10     | Noticed a centaur warrior
  8930 | D:10     | Noticed a deep elf pyromancer
  8936 | D:10     | Killed a centaur warrior
  8937 | D:10     | Reached skill level 16 in Maces & Flails
  8939 | D:10     | Killed a cyclops
  9003 | D:10     | HP: 2/82 [deep elf pyromancer/bolt of fire (31)]
  9004 | D:10     | Slain by a fire elemental

Illustrated notes

Levels and vault maps discovered:
D:1:      ncdulo_smallfort, layout_rooms, minmay_pentomino_t4
D:2:      layout_basic, grunt_decor_mini_mirrors, cheibriados_altar_1
D:3:      layout_rooms, yredelemnul_altar_generic
D:4:      layout_loops_cross
D:5:      layout_cave_pools
D:6:      layout_rooms, minmay_temple_entry_enclosed_plants, serial_rivers,
          chequers_serial_rivers_marsh, chequers_serial_rivers_micro_b,
          chequers_serial_rivers_small_a, chequers_serial_rivers_large_b,
          chequers_serial_rivers_micro_d, minmay_starry_boxes
D:7:      layout_cave_pools, serial_column_ruins, column_ruins_temple_hut,
          column_ruins_hut_pillars, column_ruins_open_tiny, column_ruins_grid_1,
          column_ruins_open_small, column_ruins_open_small,
          column_ruins_open_medium
D:8:      layout_loops_ring, serial_shops, shop
D:9:      layout_irregular_city, okawaru_humans, serial_column_ruins,
          column_ruins_temple_circle, column_ruins_courtyard_long,
          column_ruins_open_tiny, column_ruins_open_tiny,
          column_ruins_open_large, columned_hall_lemuel, minivault_29
D:10:     nzn_winding_woodlands_medium [nzn_winding_woodlands_5x5_cross,
          nzn_winding_woodlands_5x15_river_crossing,
          nzn_winding_woodlands_5x5_three, nzn_winding_woodlands_5x5_open_star,
          nzn_winding_woodlands_center_triple_pond,
          nzn_winding_woodlands_5x5_perimeter,
          nzn_winding_woodlands_5x5_checkerboard,
          nzn_winding_woodlands_5x15_zeroes, nzn_winding_woodlands_hourglass],
          layout_irregular_city, orc_0_dummy

Skill      XL: |  1  2  3  4  5  6  7  8  9 10 11 |
---------------+----------------------------------+-----
Maces & Flails | 3 4 6 8 10 12 13 15 16 | 16.1
Shields        | 6 9 11 | 11.2
Fighting       | |  3.6
Armour         | |  3.2

Action                   |  1- 3 |  4- 6 |  7- 9 | 10-12 || total
-------------------------+-------+-------+-------+-------++-------
Melee: Flail             |   120 |    84 |   323 |   129 ||   656
       Morningstar       |       |       |       |   416 ||   416
Invok: Convert to Beogh  |       |     1 |       |       ||     1
  Use: Potion            |       |     1 |     9 |     2 ||    12
       Scroll            |       |       |     8 |     4 ||    12
 Stab: Confused          |       |       |       |     2 ||     2
Armor: Scale mail        |    44 |    16 |    61 |       ||   121
       Chain mail        |       |       |    40 |   102 ||   142
Dodge: Dodged            |    24 |    15 |    62 |    58 ||   159
Block: Kite shield       |   102 |    56 |   242 |   316 ||   716
       Reflection        |     4 |     1 |     4 |     9 ||    18

Table legend: (Time is in decaauts)
 A = Elapsed time spent in this place.
 B = Non-inter-level travel time spent in this place.
 C = Inter-level travel time spent in this place.
 D = Time resting spent in this place.
 E = Time spent auto-exploring this place.
 F = Levels seen in this place.
 G = Mean time per level.
                   A        B        C        D        E       F      G
               +--------+--------+--------+--------+--------+-----+--------+
         Total |   9068 |   8917 |    151 |    444 |   6204 |  10 |  906.8 |
       Dungeon |   9068 |   8917 |    151 |    444 |   6204 |  10 |  906.8 |
               +--------+--------+--------+--------+--------+-----+--------+

Top non-repeatable levels by time:
     D:8: 1960 daAuts
     D:9: 1607 daAuts
     D:6: 1199 daAuts
     D:4: 897 daAuts
     D:7: 846 daAuts
     D:3: 788 daAuts
     D:2: 764 daAuts
     D:1: 526 daAuts
    D:10: 432 daAuts
     D:5: 43 daAuts
